 Dungeon Crawl Stone Soup version 0.30.0-17-ge0270778cf (webtiles) character file.

Game seed: 11199187980695383228

1399 MacCMillion the Frost Mage (level 8, -3/52 HPs)
             Began as a Demonspawn Ice Elementalist on May 22, 2023.
             Was a Believer of Hepliaklqana.
             Shot with an arrow by a centaur (5 damage)
             ... on level 6 of the Dungeon.
             The game lasted 00:17:20 (6875 turns).

MacCMillion the Frost Mage (DsIE)                   Turns: 6875, Time: 00:17:21

Health: -3/52      AC:  4    Str:  9    XL:     8   Next: 41%
Magic:  11/11      EV: 12    Int: 18    God:    Hepliaklqana [**....]
Gold:   451        SH:  0    Dex: 14    Spells: 4/11 levels left

rFire   . . .        C - +2 dagger (drain)
rCold   . . .        (no shield)
rNeg    . . .        y - +0 leather armour
rPois   .            (helmet restricted)
rElec   .            (no cloak)
rCorr   .            (no gloves)
SInv    .            i - +0 pair of boots
Will    .....        (no amulet)
Stlth   ++           (no ring)
HPRegen 0.28/turn    (no ring)
MPRegen 0.12/turn

%: no passive effects
@: weak-willed
A: reduced essence, horns 2, weakness stinger 2
a: Renounce Religion, Recall Ancestor, Ancestor Identity


You were on level 6 of the Dungeon.
You worshipped Hepliaklqana.
Hepliaklqana was pleased with you.
You visited 2 branches of the dungeon, and saw 7 of its levels.

You collected 451 gold pieces.

Inventory:

Hand Weapons
 d - a +0 dagger
 C - a +2 dagger of draining (weapon)
Armour
 a - a +0 robe
 i - a +0 pair of boots (worn)
 y - a +0 leather armour (worn)
Jewellery
 e - an amulet of guardian spirit
 m - a +4 ring of protection
 n - a ring of protection from fire
 p - a +5 ring of evasion
 u - a ring of fire
Wands
 w - a wand of polymorph (9)
 A - a wand of light (1)
 D - a wand of iceblast (9)
Scrolls
 f - a scroll of noise {unknown}
 g - a scroll of fog {unknown}
 j - 2 scrolls of vulnerability
 k - a scroll of enchant weapon {unknown}
 l - a scroll of teleportation {unknown}
 o - a scroll of enchant armour {unknown}
 B - a scroll of identify
 E - a scroll of silence {unknown}
 F - a scroll of brand weapon {unknown}
 G - a scroll of immolation {unknown}
Potions
 b - a potion of magic
 c - a potion of ambrosia
 h - 6 potions of curing
 q - 3 potions of haste
 r - a potion of flight {unknown}
 s - a potion of cancellation {unknown}
 t - a potion of degeneration {unknown}
 v - 3 potions of lignification {unknown}
 x - a potion of resistance {unknown}
 z - a potion of might {unknown}


   Skills:
 + Level 3.1 Fighting
 + Level 3.5 Dodging
 - Level 3.0 Stealth
 - Level 2.0 Spellcasting
 - Level 9.0 Ice Magic


You had 4 spell levels left.
You knew the following spells:

 Your Spells              Type           Power      Damage    Failure   Level
a - Freeze                Ice            100%       1d10      1%          1
b - Frozen Ramparts       Ice            68%        1d11      1%          3
c - Ozocubu's Armour      Ice            34%        N/A       1%          3

Your spell library contained the following spells:

 Spells                   Type           Power      Damage    Failure   Level
 Magic Dart               Conj           4%         1d3       26%         1
 Cigotuvi's Dreadful Rot  Necr/Pois/Air  2%         N/A       36%         2
 Searing Ray              Conj           2%         2d4       36%         2
 Summon Ice Beast         Ice/Summ       18%        N/A       36%         4
 Ignite Poison            Fire/Tmut/Pois 1%         N/A       58%         3
 Fulminant Prism          Conj/Hex       0%         3d5       94%         4
 Metabolic Englaciation   Hex/Ice        9%         N/A       73%         5
 Freezing Cloud           Conj/Ice/Air   6%         6-21      90%         5
 Simulacrum               Ice/Necr       9%         N/A       99%         6


Dungeon Overview and Level Annotations

Branches:
Dungeon (6/15)             Temple (1/1) D:4

Altars:
Ashenzari
Cheibriados
Dithmenos
Fedhas
Gozag
Hepliaklqana
Makhleb
Nemelex Xobeh
Okawaru
Qazlal
Ru
Sif Muna
Trog
Uskayaw
Wu Jian
Xom
Yredelemnul

Shops:
D:3 :[:

Annotations:
D:2 1 runed translucent door, Crazy Yiuf
D:4 Menkaure
D:5 exclusion: hornet
D:6 exclusion: electric eel


Innate Abilities, Weirdness & Mutations

Your life essence is reduced to manifest your ancestor. (-10% HP)
You have a pair of horns on your head.
You have a tail ending in a sharp stinger.


Message History

You open the door.
There is an open door here.
A centaur comes into view.
The centaur wields a +0 shortbow.
The centaur shoots an arrow.
The arrow hits you!
The centaur shoots an arrow.
The arrow hits you.
The centaur shoots an arrow.
The arrow hits you!
An electric eel comes into view.
The centaur unwields a +0 shortbow.
The centaur hits you but does no damage.
The centaur barely misses you.
The electric eel shoots out a bolt of lightning at you!
The bolt of electricity hits you!
* * * LOW HITPOINT WARNING * * *
You swap places.
The centaur wields a +0 shortbow.
The centaur shoots an arrow.
The arrow hits Rabi!
The centaur shoots an arrow.
The arrow hits Rabi!
As you read the scroll labelled NOITOU PIXT, it crumbles to dust.
Magic quickly surges around you.
It was a scroll of vulnerability.
The centaur shoots an arrow.
Rabi blocks the arrow.
Okay, then.
Casting: Frozen Ramparts (safe; 1% risk of failure)
Confirm with . or Enter, or press ? or * to list all spells.
Okay, then.
Aiming: Bolt of Light
Press: ? - help, Shift-Dir - straight line, f - centaur
Aim: a centaur, wielding a +0 shortbow (weak-willed, 83% to hit)
Rabi avoids your attack.
The bolt of light misses the centaur.
The centaur shoots an arrow.
The arrow closely misses Rabi.
The arrow closely misses you.
The centaur shoots an arrow.
The arrow hits Rabi!
Rabi is destroyed!
Aiming: Bolt of Light
Press: ? - help, Shift-Dir - straight line, f/p - centaur
Aim: a centaur, wielding a +0 shortbow (weak-willed, 83% to hit)
The bolt of light hits the centaur!
The centaur is heavily wounded.
The centaur is blinded.
The centaur shoots an arrow.
The arrow hits you!
* * * LOW HITPOINT WARNING * * *
The centaur shoots an arrow.
The arrow barely misses you.
The centaur shoots an arrow.
The arrow completely misses you.
The centaur shoots an arrow.
The arrow hits you.
You die...

#..#.###..............
.......................
..............)........
#..#.....##....#.#.###
#..#.....#####(....##
######..........)........#
..............#####.###..##
..............'....(.......
......c...@...#####.#######
..............# #.# #
#####..######.# #........
..... .... ......... ......
............... .~.~S.~
~.~~~~~~~~....~S ~~~~~≈~
≈~~~≈~~≈~~....~~ ≈≈~≈≈~~
≈≈≈~≈~.....~~
≈≈≈≈≈≈~.....~≈


You could see a centaur (blind, weak-willed).

Vanquished Creatures
  Eustachio (D:5)
  An orc warrior (D:6)
  An ogre (D:5)
  A centaur (D:6)
  4 scorpions
  2 hounds
  2 gnoll boudas
  3 orc priests
  A sleepcap (D:5)
  An orc wizard (D:5)
  11 gnolls
  4 adders
  A white imp (D:5)
  An ufetubus (D:5)
  2 worms
  16 orcs
  7 ball pythons
  6 endoplasms
  2 giant cockroaches (D:4)
  4 goblins
  4 hobgoblins
  13 kobolds
  6 quokkas
  6 bats
  3 frilled lizards (D:1)
  4 rats
107 creatures vanquished.

Vanquished Creatures (collateral kills)
  A scorpion (D:5)
  2 howler monkeys (D:6)
  A hound (D:5)
  An orc priest (D:6)
  An orc wizard (D:5)
  2 gnolls (D:5)
  2 adders (D:5)
  A white imp (D:6)
  3 orcs (D:6)
  A kobold (D:6)
15 creatures vanquished.

Vanquished Creatures (others)
  3 ancestors
  2 knights (D:6)
5 creatures vanquished.

Grand Total: 127 creatures vanquished

Notes
Turn   | Place    | Note
-------+----------+-------------------------------------------
     0 | D:1      | MacCMillion the Demonspawn Ice Elementalist began the quest
                  | for the Orb.
     0 | D:1      | Reached XP level 1. HP: 13/13 MP: 3/3
   216 | D:1      | Reached skill level 4 in Ice Magic
   268 | D:1      | Discovered your monstrous ancestry.
   268 | D:1      | Gained mutation: You have a small tail. [demonic ancestry]
   268 | D:1      | Reached XP level 2. HP: 14/19 MP: 0/5
   434 | D:1      | Found a faded altar of an unknown god.
  1084 | D:2      | Gained mutation: You have a pair of small horns on your
                  | head. [demonic ancestry]
  1084 | D:2      | Reached XP level 3. HP: 21/24 MP: 2/6
  1094 | D:2      | Learned a level 3 spell: Frozen Ramparts
  1547 | D:2      | Found a runed translucent door.
  1548 | D:2      | Noticed Crazy Yiuf
  2074 | D:3      | Found Naomiul's Book Boutique.
  2169 | D:3      | Reached skill level 5 in Ice Magic
  2289 | D:3      | Gained mutation: You have a tail ending in a sharp stinger.
                  | [demonic ancestry]
  2289 | D:3      | Reached XP level 4. HP: 6/30 MP: 2/7
  2557 | D:3      | Found Igoarph's Book Shoppe.
  2596 | D:3      | Found Rocestru's Antique Armour Shop.
  2975 | D:4      | Noticed a scorpion
  2981 | D:4      | Killed a scorpion
  2982 | D:4      | Reached skill level 6 in Ice Magic
  2982 | D:4      | Reached XP level 5. HP: 23/35 MP: 2/8
  3164 | D:4      | Found a shadowy altar of Dithmenos.
  3169 | D:4      | Found a stormy altar of Qazlal.
  3172 | D:4      | Found a hide-covered altar of Uskayaw.
  3370 | D:4      | Noticed an ogre
  3428 | D:4      | Found a staircase to the Ecumenical Temple.
  3469 | Temple   | Entered the Ecumenical Temple
  3485 | Temple   | Became a worshipper of Hepliaklqana the Forgotten
  3525 | D:4      | Noticed Menkaure
  3698 | D:5      | Entered Level 5 of the Dungeon
  3723 | D:5      | Reached XP level 6. HP: 39/41 MP: 5/9
  4018 | D:5      | Learned a level 3 spell: Ozocubu's Armour
  4063 | D:5      | Noticed a hornet
  4176 | D:5      | Noticed Eustachio
  4189 | D:5      | Reached skill level 7 in Ice Magic
  4222 | D:5      | Killed Eustachio
  4223 | D:5      | Gained mutation: You have a pair of horns on your head.
                  | [demonic ancestry]
  4223 | D:5      | Reached XP level 7. HP: 15/46 MP: 1/10
  4479 | D:5      | Reached * piety under Hepliaklqana
  4733 | D:5      | Identified the +5 long sword "Ychereym" {antimagic, Int+3}
  5012 | D:5      | Reached skill level 8 in Ice Magic
  5993 | D:6      | Reached XP level 8. HP: 47/47 MP: 7/11
  6052 | D:6      | Found a blossoming altar of Fedhas.
  6168 | D:6      | Reached skill level 9 in Ice Magic
  6170 | D:6      | Reached skill level 1 in Fighting
  6329 | D:6      | Reached ** piety under Hepliaklqana
  6330 | D:6      | Remembered your ancestor Rabi as a knight
  6873 | D:6      | HP: 2/52 [centaur/arrow (12)]
  6875 | D:6      | Shot with an arrow by a centaur

Illustrated notes

Levels and vault maps discovered:
D:1:      denvon_arrival_waterhouse, layout_rooms,
          hellmonk_ecumenical_altar_pennies_from_heaven,
          chequers_hall_statues_wall_a, minmay_crystal_room,
          minmay_misc_feat_five
D:2:      layout_loops_ring, hangedman_decor_clover_reticule,
          serial_bayou_lagoon_a, uniq_crazy_yiuf_cottage
D:3:      layout_basic, serial_shops, shop, shop,
          nicolae_shop_temple_entry_statues_fountains, minmay_quadrilaterals
D:4:      layout_loops_cross, lemuel_tele_altar,
          minmay_overflow_temple_star_quad, minmay_temple_entry_proselytizer,
          uniq_menkaure
D:5:      layout_loops_corners, uniq_eustachio
D:6:      minmay_goblin_kobold_castle, layout_basic,
          mainiacjoe_overflow_six_doors_small, uniq_grinder
Temple:   hellmonk_temple_two_chambers

Skill      XL: |  1  2  3  4  5  6  7  8 |
---------------+-------------------------+-----
Ice Magic      | 4 5 6 7 8 9 |  9.0
Stealth        | 3 |  3.0
Dodging        | 2 3 |  3.5
Fighting       | 3 |  3.1
Spellcasting   | |  2.0

Action                     |  1- 3 |  4- 6 |  7- 9 || total
---------------------------+-------+-------+-------++-------
  Melee: Dagger            |    29 |     6 |     2 ||    37
         Tailslap          |     2 |     1 |       ||     3
         Headbutt          |     1 |       |       ||     1
   Cast: Freeze            |    65 |    39 |    14 ||   118
         Frozen Ramparts   |       |     7 |    19 ||    26
 Invoke: Ancestor Life: Kn |       |       |     1 ||     1
  Evoke: Wand              |       |       |     2 ||     2
    Use: Scroll            |     3 |       |     1 ||     4
   Stab: Sleeping          |     6 |     2 |     2 ||    10
 Armour: Robe              |    17 |     6 |       ||    23
         Leather armour    |       |       |     5 ||     5
  Dodge: Dodged            |    50 |    32 |    13 ||    95
